 Dungeon Crawl Stone Soup version 0.28-a0-1560-g060a6a1bfc (webtiles) character file.

Game seed: 11699715512391870823

90 Colgate the Chucker (level 4, -2/44 HPs)
             Began as an Ogre Hunter on Jan 19, 2022.
             Was a High Priest of Ignis.
             Slain by Duvessa (14 damage)
             ... on level 4 of the Dungeon.
             The game lasted 00:16:09 (4069 turns).

Colgate the Chucker (Ogre Hunter)                   Turns: 4069, Time: 00:16:10

Health: -2/44      AC:  6    Str: 15    XL:     4   Next: 56%
Magic:  4/4        EV: 10    Int: 11    God:    Ignis [*****.]
Gold:   151        SH:  0    Dex: 12    Spells: 3/3 levels left

rFire   + + .      SeeInvis .   a - +0 great sword
rCold   . . .      Faith    .   (shield currently unavailable)
rNeg    + . .      Spirit   .   b - +0 robe
rPois   +          Reflect  .   (helmet restricted)
rElec   .          Harm     .   m - +2 ratskin cloak {*Rats rPois rN+ Str-1 Int-1 Dex+1}
rCorr   .          Rampage  .   (gloves unavailable)
Will    .....                   (boots unavailable)
Stlth   +.........              (no amulet)
HPRegen 0.14/turn               g - ring of protection from fire
MPRegen 0.09/turn               (no ring)

@: no status effects
A: large, unfitting armour, tough skin 1
a: Renounce Religion, Fiery Armour, Foxfire Swarm, Rising Flame


You were on level 4 of the Dungeon.
You worshipped Ignis.
Ignis was extremely pleased with you.
You visited 1 branch of the dungeon, and saw 4 of its levels.

You collected 151 gold pieces.

Inventory:

Hand Weapons
 a - a +0 great sword (weapon)
Missiles
 c - a large rock (quivered)
 d - 2 throwing nets
 f - 63 stones
Armour
 b - a +0 robe (worn)
 m - the +2 ratskin cloak (worn) {*Rats rPois rN+ Str-1 Int-1 Dex+1}
   (You found it on level 2 of the Dungeon)

   When the wearer is hurt, rats may emerge from it to assist them.
   Str:       It affects your strength (-1).
   Int:       It affects your intelligence (-1).
   Dex:       It affects your dexterity (+1).
   rPois:     It protects you from poison.
   rN:        It protects you from negative energy.
Magical Staves
 k - a staff of earth
Jewellery
 g - a ring of protection from fire (left hand)
Scrolls
 e - 2 scrolls of teleportation
 h - a scroll of noise {unknown}
 j - a scroll of silence {unknown}
 p - a scroll of fear {unknown}
 q - a scroll of vulnerability {unknown}
Potions
 l - a potion of berserk rage
 n - a potion of might
 o - 2 potions of curing


   Skills:
 - Level 2.6 Fighting
 + Level 5.8 Throwing
 - Level 1.7 Dodging
 - Level 0.6 Stealth


You had 3 spell levels left.
You didn't know any spells.
Your spell library was empty.

Dungeon Overview and Level Annotations

Branches:
Dungeon (4/15)
 Temple: D:4-7

Altars:
Ignis

Annotations:
D:4 Dowan, Duvessa


Innate Abilities, Weirdness & Mutations

You are too large for most types of armour.
You have tough skin. (AC +1)


Message History

The large rock hits the adder!!
You kill the adder!
The ball python barely misses you.
You slash the ball python!
You kill the ball python!
You see here 28 bolts.
You now have 151 gold pieces (gained 11).
c - 5 large rocks (gained 1)
You see here an adder corpse.
Found a stone staircase leading up.
Duvessa, Sister of Dowan comes into view.
She is wielding a +3 rapier of protection.
Duvessa shouts!
You throw a large rock. The large rock hits Duvessa!!
Duvessa is heavily wounded.
Dowan, Brother of Duvessa comes into view.
He is wielding a +5 dagger of venom and wearing a +1 robe of resistance.
You throw a large rock.
Dowan shouts!
The large rock hits Duvessa!
Duvessa is almost dead.
Dowan smirks and points a slender finger.
Dowan gestures wildly while chanting.
Dowan blinks!
Throw: 3 large rocks
Press: ? - help, Q - select action, (/) - cycle Shift-Dir - straight line, f - Dowan, p - Duvessa
Aim: Dowan, wielding a +5 dagger of venom and wearing a +1 robe of resistance (50% to hit)
You throw a large rock. The large rock closely misses Dowan.
Dowan casts a spell at Duvessa.
Duvessa seems to speed up.
Throw: 2 large rocks
Press: ? - help, Q - select action, (/) - cycle Shift-Dir - straight line, f/p - Dowan
Aim: Dowan, wielding a +5 dagger of venom and wearing a +1 robe of resistance (50% to hit)
You throw a large rock. The large rock closely misses Dowan.
Duvessa hits you with a +3 rapier of protection! x3
You are too injured to fight recklessly!
You hit Duvessa but do no damage.
Duvessa is almost dead.
Duvessa hits you with a +3 rapier of protection!
* * * LOW HITPOINT WARNING * * *
Duvessa hits you with a +3 rapier of protection!
You die...

........#........#
......<..........#
........##.......#
##########.......#
#.......#
#####.......#
#...........#
#.......#####
#......@#
#....e.e#
#........
#.........
#(.....(...
#...........
#......(....+
#####.......#


You could see Duvessa (fast) and Dowan.

Vanquished Creatures
  A bullfrog skeleton (D:4)
  An adder (D:4)
  3 endoplasms
  2 giant cockroaches (D:1)
  10 goblins
  3 hobgoblins
  4 jackals (D:1)
  3 quokkas
  5 ball pythons
  4 bats
  A frilled lizard (D:1)
  6 kobolds
  5 rats
48 creatures vanquished.

Vanquished Creatures (collateral kills)
  A kobold (D:3)
  A frilled lizard (D:3)
2 creatures vanquished.

Grand Total: 50 creatures vanquished

Notes
Turn   | Place    | Note
-------+----------+-------------------------------------------
     0 | D:1      | Colgate the Ogre Hunter began the quest for the Orb.
     0 | D:1      | Reached XP level 1. HP: 22/22 MP: 1/1
   575 | D:1      | Reached XP level 2. HP: 25/29 MP: 2/2
   891 | D:1      | Found a faded altar of an unknown god.
   923 | D:1      | Prayed at the altar of an unknown god.
   923 | D:1      | Became a worshipper of Ignis, the Dying Flame
  1706 | D:1      | Found a candlelit altar of Ignis.
  1989 | D:1      | Reached XP level 3. HP: 36/36 MP: 3/3
  2576 | D:2      | Reached skill level 5 in Throwing
  2642 | D:2      | Found the +2 ratskin cloak {*Rats rPois rN+ Str-1 Int-1
                  | Dex+1}
  3112 | D:2      | You fall into a shaft and drop 1 floor!
  3965 | D:4      | Reached XP level 4. HP: 44/44 MP: 4/4
  4064 | D:4      | Noticed Duvessa
  4065 | D:4      | Noticed Dowan
  4069 | D:4      | Slain by Duvessa

Illustrated notes

Levels and vault maps discovered:
D:1:      dpeg_arrival_windows_large_door, layout_loops_corners,
          hellmonk_ecumenical_altar_crossroads, chequers_serial_rivers_micro_a,
          minivault_4, hangedman_decor_slide_cut, minmay_misc_feat_roman,
          corner_web_ring
D:2:      layout_basic, kennysheep_another_room, uniq_robin
D:3:      layout_basic
D:4:      layout_basic, temple_doors_cd, kennysheep_generic_room_12,
          uniq_grinder, uniq_duvessa

Skill      XL: |  1  2  3 |
---------------+----------+-----
Throwing       | 5 |  5.8
Fighting       | |  2.6
Dodging        | |  1.7
Stealth        | |  0.6

Action                   |  1- 3 |  4- 6 || total
-------------------------+-------+-------++-------
Melee: Short sword       |    47 |       ||    47
       Flail             |    49 |       ||    49
       Great sword       |    55 |     9 ||    64
Throw: Large rock        |     7 |     5 ||    12
  Use: Scroll            |     4 |       ||     4
Armor: Robe              |    73 |     2 ||    75
Dodge: Dodged            |   104 |     4 ||   108

Table legend: (Time is in decaauts)
 A = Elapsed time spent in this place.
 B = Non-inter-level travel time spent in this place.
 C = Inter-level travel time spent in this place.
 D = Time resting spent in this place.
 E = Time spent auto-exploring this place.
 F = Levels seen in this place.
 G = Mean time per level.
                   A        B        C        D        E       F      G
               +--------+--------+--------+--------+--------+-----+--------+
         Total |   4149 |   4107 |     42 |      8 |   3158 |   4 | 1037.2 |
       Dungeon |   4149 |   4107 |     42 |      8 |   3158 |   4 | 1037.2 |
               +--------+--------+--------+--------+--------+-----+--------+

Top non-repeatable levels by time:
     D:1: 2462 daAuts
     D:3: 879 daAuts
     D:2: 679 daAuts
     D:4: 128 daAuts
